[ AOE2 MATCH · #479550560 ]
UnrankedFranks vs Japanese
[ REPLAY ANALYSIS · EXTRACTED FROM THE RECORDED GAME ]
Feudal
11:56
Castle
32:25
Imperial
—
| APM avg | 35.2 |
| APM peak | 63 |
| eAPM avg | 19.4 |
| Villagers / military | 147 / 44 |
Focus
⚔️ 23.5% · 🌾 76.5%
Knight ×24 · Scout Cavalry ×13 · Spearman ×4 · Monk ×3
Feudal
12:29
Castle
24:37
Imperial
40:51
| APM avg | 40.6 |
| APM peak | 100 |
| eAPM avg | 19.8 |
| Villagers / military | 152 / 169 |
Focus
⚔️ 33.9% · 🌾 66.1%
Cavalry Archer ×71 · Skirmisher ×66 · Fishing Ship ×25 · Archer ×22 · Spearman ×5 · Trebuchet (Packed) ×5
Feudal
11:32
Castle
22:52
Imperial
42:47
| APM avg | 46.8 |
| APM peak | 93 |
| eAPM avg | 23.2 |
| Villagers / military | 169 / 58 |
Focus
⚔️ 31.2% · 🌾 68.8%
Knight ×14 · Serjeant ×13 · Monk ×12 · Scout Cavalry ×8 · Spearman ×6 · Trebuchet (Packed) ×5
Feudal
11:49
Castle
28:32
Imperial
—
| APM avg | 30.7 |
| APM peak | 65 |
| eAPM avg | 17.9 |
| Villagers / military | 122 / 114 |
Focus
⚔️ 47.1% · 🌾 52.9%
Scout Cavalry ×62 · Steppe Lancer ×50 · Spearman ×2
Feudal
11:58
Castle
23:49
Imperial
42:02
| APM avg | 36.0 |
| APM peak | 63 |
| eAPM avg | 20.5 |
| Villagers / military | 142 / 180 |
Focus
⚔️ 44.1% · 🌾 55.9%
Skirmisher ×85 · Archer ×79 · Spearman ×9 · Bombard Cannon ×7
Feudal
13:22
Castle
17:02
Imperial
—
| APM avg | 57.1 |
| APM peak | 99 |
| eAPM avg | 30.7 |
| Villagers / military | 141 / 172 |
Focus
⚔️ 46.5% · 🌾 53.5%
Cavalry Archer ×165 · Mangonel ×4 · Monk ×2 · Archer ×1
Feudal
13:05
Castle
17:00
Imperial
44:18
| APM avg | 48.2 |
| APM peak | 82 |
| eAPM avg | 27.4 |
| Villagers / military | 241 / 176 |
Focus
⚔️ 31.8% · 🌾 68.2%
Knight ×121 · Mangonel ×35 · Scorpion ×13 · Monk ×4 · Battering Ram ×3
Feudal
13:17
Castle
17:00
Imperial
—
| APM avg | 40.6 |
| APM peak | 79 |
| eAPM avg | 22.4 |
| Villagers / military | 185 / 101 |
Focus
⚔️ 46.2% · 🌾 53.8%
War Wagon ×101
Match map
Initial resources + every placement click. Lines = walls · curves = elevation contours. ◆ gold · ⬟ stone · ● berries · ✦ relic · ◌ wall gap
Your base· Open — unwalled flank
E@GLE's base· Open — 7t gap
BSL | n0_chanc3's base· Open — 7t gap
|FMG| twitch/JabsUY's base· Open — unwalled flank
_kill3rJ's base· Open — 9t gap
|FMG| TINCHO's base· Open — unwalled flank
Aqua Sama's base· Open — unwalled flank
-FMG- Rodri's base· Open — unwalled flank
Smoothed initial terrain · ◌ = detected wall gap · hover for details
Inputs per minute
— |FMG| Nadie - - E@GLE
Build order — |FMG| Nadie
First 150 of 344 actions detected
| 0:16 | Build | Town Center |
| 1:50 | Build | House |
| 2:32 | Create | Villager (Male) |
| 2:33 | Create | Villager (Male) |
| 2:33 | Create | Villager (Male) |
| 2:44 | Create | Villager (Male) |
| 3:19 | Build | Mill |
| 3:54 | Create | Villager (Male) |
| 4:24 | Create | Villager (Male) |
| 4:40 | Build | House |
| 4:59 | Create | Villager (Male) |
| 5:18 | Create | Villager (Male) |
| 5:26 | Create | Villager (Male) |
| 5:58 | Build | House |
| 6:10 | Create | Villager (Male) |
| 6:42 | Create | Villager (Male) |
| 6:44 | Create | Villager (Male) |
| 6:55 | Create | Villager (Male) |
| 7:08 | Create | Villager (Male) |
| 7:23 | Create | Villager (Male) |
| 7:42 | Build | Lumber Camp |
| 7:43 | Create | Villager (Male) |
| 8:17 | Create | Villager (Male) |
| 8:35 | Build | House |
| 8:46 | Create | Villager (Male) |
| 9:16 | Build | House |
| 9:21 | Create | Villager (Male) |
| 9:41 | Research | Feudal Age |
| 10:43 | Build | Barracks |
| 10:53 | Build | Outpost |
| 11:00 | Build | Outpost |
| 11:03 | Create | Villager (Male) |
| 11:27 | Build | Outpost |
| 11:32 | Create | Villager (Male) |
| 11:41 | Create | Villager (Male) |
| 11:56 | Age | Feudal Age |
| 12:09 | Build | Stable |
| 12:11 | Research | Loom |
| 12:27 | Create | Villager (Male) |
| 12:34 | Build | Outpost |
| 12:42 | Research | Double-Bit Axe |
| 12:50 | Create | Scout Cavalry |
| 12:51 | Create | Scout Cavalry |
| 12:56 | Build | Outpost |
| 13:00 | Build | Outpost |
| 13:02 | Create | Villager (Male) |
| 13:16 | Build | Mining Camp |
| 13:22 | Create | Scout Cavalry |
| 13:40 | Create | Spearman |
| 13:49 | Create | Spearman |
| 14:32 | Create | Villager (Male) |
| 14:33 | Create | Scout Cavalry |
| 14:42 | Build | House |
| 14:44 | Build | House |
| 14:46 | Build | Palisade Wall |
| 14:48 | Build | Palisade Wall |
| 14:48 | Build | Palisade Wall |
| 14:49 | Build | Palisade Wall |
| 14:50 | Build | Palisade Wall |
| 14:55 | Create | Villager (Male) |
| 15:26 | Create | Scout Cavalry |
| 15:32 | Create | Villager (Male) |
| 15:44 | Create | Villager (Male) |
| 15:50 | Create | Spearman |
| 15:51 | Create | Villager (Male) |
| 15:57 | Build | Blacksmith |
| 16:03 | Create | Villager (Male) |
| 16:04 | Create | Scout Cavalry |
| 16:15 | Create | Scout Cavalry |
| 16:24 | Create | Villager (Male) |
| 16:34 | Create | Villager (Male) |
| 16:36 | Build | Mill |
| 16:37 | Create | Spearman |
| 16:55 | Build | House |
| 17:11 | Build | Mining Camp |
| 17:23 | Build | Watch Tower |
| 17:42 | Create | Scout Cavalry |
| 17:44 | Create | Villager (Male) |
| 18:06 | Create | Villager (Male) |
| 19:20 | Create | Scout Cavalry |
| 19:21 | Create | Villager (Male) |
| 19:26 | Build | Mill |
| 19:56 | Build | Watch Tower |
| 20:06 | Create | Villager (Male) |
| 20:20 | Create | Scout Cavalry |
| 20:35 | Research | Fletching |
| 20:54 | Create | Villager (Male) |
| 20:58 | Build | Lumber Camp |
| 21:19 | Build | Lumber Camp |
| 21:26 | Create | Villager (Male) |
| 21:47 | Create | Villager (Male) |
| 21:58 | Build | Market |
| 22:03 | Create | Villager (Male) |
| 22:28 | Build | Farm |
| 22:49 | Create | Scout Cavalry |
| 22:50 | Create | Scout Cavalry |
| 23:01 | Build | House |
| 23:03 | Build | House |
| 23:05 | Build | Palisade Wall |
| 23:06 | Build | Palisade Wall |
| 23:07 | Build | Palisade Wall |
| 23:35 | Build | Farm |
| 23:36 | Build | Farm |
| 23:44 | Create | Villager (Male) |
| 23:50 | Create | Scout Cavalry |
| 23:57 | Build | Farm |
| 24:19 | Create | Villager (Male) |
| 24:49 | Create | Villager (Male) |
| 25:19 | Build | Farm |
| 25:21 | Create | Villager (Male) |
| 26:10 | Create | Villager (Male) |
| 26:11 | Create | Villager (Male) |
| 27:11 | Research | Wheelbarrow |
| 27:12 | Research | Town Watch |
| 27:20 | Build | Mill |
| 27:24 | Build | Mill |
| 27:28 | Build | Mill |
| 28:07 | Create | Villager (Male) |
| 28:42 | Create | Villager (Male) |
| 29:45 | Research | Castle Age |
| 30:01 | Build | Palisade Gate |
| 32:25 | Age | Castle Age |
| 32:29 | Build | Town Center |
| 32:36 | Build | Town Center |
| 32:41 | Create | Villager (Male) |
| 32:49 | Build | Town Center |
| 32:51 | Create | Villager (Male) |
| 32:52 | Create | Villager (Male) |
| 32:55 | Research | Scale Barding Armor |
| 33:01 | Research | Husbandry |
| 33:07 | Research | Bow Saw |
| 33:14 | Build | Palisade Wall |
| 33:27 | Build | Gate |
| 33:30 | Build | Stone Wall |
| 33:33 | Build | Palisade Wall |
| 33:35 | Build | Palisade Wall |
| 33:37 | Build | Palisade Wall |
| 33:38 | Build | Palisade Wall |
| 33:45 | Create | Villager (Male) |
| 33:46 | Create | Villager (Male) |
| 33:50 | Create | Villager (Male) |
| 33:52 | Create | Villager (Male) |
| 33:55 | Create | Villager (Male) |
| 34:03 | Create | Villager (Male) |
| 34:03 | Create | Villager (Male) |
| 34:05 | Create | Villager (Male) |
| 34:21 | Create | Villager (Male) |
| 34:34 | Create | Villager (Male) |
| 34:39 | Build | Monastery |
| 34:45 | Create | Villager (Male) |
Build order — E@GLE
First 150 of 439 actions detected
| 0:34 | Build | Town Center |
| 2:27 | Build | House |
| 2:46 | Create | Villager (Male) |
| 2:47 | Create | Villager (Male) |
| 2:47 | Create | Villager (Male) |
| 2:47 | Create | Villager (Male) |
| 3:10 | Build | House |
| 3:27 | Build | House |
| 3:42 | Build | House |
| 4:12 | Create | Villager (Male) |
| 4:32 | Build | Lumber Camp |
| 4:39 | Create | Villager (Male) |
| 4:58 | Build | House |
| 4:59 | Build | House |
| 5:01 | Create | Villager (Male) |
| 5:08 | Create | Villager (Male) |
| 5:56 | Create | Villager (Male) |
| 6:20 | Create | Villager (Male) |
| 6:46 | Create | Villager (Male) |
| 6:47 | Create | Villager (Male) |
| 6:50 | Build | Dock |
| 7:37 | Create | Villager (Male) |
| 7:40 | Create | Fishing Ship |
| 7:48 | Create | Villager (Male) |
| 7:53 | Build | House |
| 8:29 | Create | Fishing Ship |
| 8:33 | Create | Villager (Male) |
| 8:35 | Create | Villager (Male) |
| 9:14 | Create | Villager (Male) |
| 9:19 | Create | Fishing Ship |
| 9:25 | Research | Loom |
| 9:43 | Build | Mining Camp |
| 10:01 | Create | Fishing Ship |
| 10:19 | Research | Feudal Age |
| 10:46 | Build | House |
| 10:49 | Build | Palisade Wall |
| 11:39 | Build | Barracks |
| 12:04 | Build | Palisade Wall |
| 12:07 | Build | Palisade Wall |
| 12:08 | Build | Palisade Wall |
| 12:18 | Build | Palisade Wall |
| 12:29 | Age | Feudal Age |
| 12:31 | Create | Villager (Male) |
| 12:36 | Create | Spearman |
| 12:41 | Build | Archery Range |
| 12:42 | Create | Villager (Male) |
| 12:53 | Research | Double-Bit Axe |
| 13:18 | Create | Villager (Male) |
| 13:27 | Build | House |
| 13:28 | Build | House |
| 13:29 | Create | Archer |
| 13:30 | Create | Archer |
| 13:32 | Create | Spearman |
| 13:38 | Create | Villager (Male) |
| 14:11 | Create | Archer |
| 14:18 | Create | Villager (Male) |
| 14:21 | Build | Archery Range |
| 14:24 | Build | Palisade Wall |
| 14:37 | Create | Villager (Male) |
| 14:41 | Build | House |
| 14:42 | Build | Palisade Wall |
| 15:11 | Create | Villager (Male) |
| 15:21 | Build | Archery Range |
| 15:27 | Build | Blacksmith |
| 15:38 | Build | Mill |
| 15:51 | Create | Spearman |
| 15:55 | Create | Archer |
| 15:55 | Create | Archer |
| 15:57 | Create | Villager (Male) |
| 16:00 | Research | Fletching |
| 16:02 | Build | House |
| 16:04 | Build | Palisade Wall |
| 16:04 | Create | Villager (Male) |
| 16:19 | Create | Spearman |
| 16:19 | Create | Spearman |
| 16:22 | Create | Villager (Male) |
| 16:28 | Create | Villager (Male) |
| 16:35 | Build | Palisade Wall |
| 16:50 | Create | Villager (Male) |
| 16:52 | Create | Archer |
| 16:52 | Create | Archer |
| 16:59 | Create | Fishing Ship |
| 17:29 | Create | Archer |
| 17:29 | Create | Archer |
| 17:37 | Create | Villager (Male) |
| 17:56 | Build | Palisade Wall |
| 17:58 | Build | Palisade Wall |
| 18:16 | Create | Archer |
| 18:16 | Create | Archer |
| 18:20 | Build | House |
| 18:20 | Build | House |
| 18:25 | Create | Villager (Male) |
| 18:29 | Build | Farm |
| 18:30 | Build | Farm |
| 18:31 | Build | Farm |
| 18:38 | Research | Wheelbarrow |
| 19:27 | Research | Padded Archer Armor |
| 19:38 | Build | Market |
| 19:47 | Create | Villager (Male) |
| 19:50 | Create | Archer |
| 19:50 | Create | Archer |
| 20:05 | Build | Fish Trap |
| 20:08 | Build | Fish Trap |
| 20:28 | Create | Villager (Male) |
| 21:00 | Create | Villager (Male) |
| 21:08 | Build | Mining Camp |
| 21:15 | Build | Fish Trap |
| 21:16 | Build | Fish Trap |
| 21:17 | Build | Fish Trap |
| 21:44 | Build | Lumber Camp |
| 21:53 | Create | Villager (Male) |
| 21:57 | Research | Castle Age |
| 22:02 | Create | Archer |
| 22:02 | Create | Archer |
| 22:39 | Create | Archer |
| 22:39 | Create | Archer |
| 22:54 | Research | Gold Mining |
| 22:55 | Research | Horse Collar |
| 23:01 | Create | Fishing Ship |
| 23:01 | Create | Fishing Ship |
| 23:05 | Research | Tech 906 |
| 24:14 | Build | Fish Trap |
| 24:34 | Build | Palisade Wall |
| 24:37 | Age | Castle Age |
| 24:38 | Create | Villager (Male) |
| 24:40 | Create | Cavalry Archer |
| 24:40 | Create | Cavalry Archer |
| 24:44 | Build | Town Center |
| 24:48 | Build | Town Center |
| 24:52 | Research | Bow Saw |
| 24:53 | Research | Gillnets |
| 24:55 | Create | Villager (Male) |
| 25:13 | Research | Bodkin Arrow |
| 25:20 | Build | Fish Trap |
| 25:20 | Create | Fishing Ship |
| 25:21 | Create | Fishing Ship |
| 25:34 | Create | Villager (Male) |
| 25:50 | Create | Villager (Male) |
| 25:53 | Create | Cavalry Archer |
| 25:53 | Create | Cavalry Archer |
| 26:01 | Build | Dock |
| 26:06 | Create | Villager (Male) |
| 26:11 | Create | Villager (Male) |
| 26:14 | Build | Farm |
| 26:15 | Build | Farm |
| 26:18 | Build | Farm |
| 26:19 | Build | Farm |
| 26:21 | Create | Villager (Male) |
| 26:42 | Create | Villager (Male) |
| 26:50 | Create | Cavalry Archer |
Build order — BSL | n0_chanc3
First 150 of 407 actions detected
| 0:22 | Build | Town Center |
| 2:23 | Build | House |
| 2:37 | Create | Villager (Male) |
| 2:37 | Create | Villager (Male) |
| 2:38 | Create | Villager (Male) |
| 2:38 | Create | Villager (Male) |
| 3:31 | Create | Villager (Male) |
| 3:42 | Build | House |
| 4:03 | Build | House |
| 4:12 | Create | Villager (Male) |
| 4:47 | Build | House |
| 4:50 | Create | Villager (Male) |
| 5:10 | Create | Villager (Male) |
| 5:14 | Build | Lumber Camp |
| 5:43 | Create | Villager (Male) |
| 6:01 | Build | House |
| 6:11 | Create | Villager (Male) |
| 6:27 | Build | House |
| 6:35 | Create | Villager (Male) |
| 6:50 | Build | Mill |
| 6:57 | Create | Villager (Male) |
| 7:10 | Create | Villager (Male) |
| 7:26 | Create | Villager (Male) |
| 7:37 | Build | House |
| 8:24 | Create | Villager (Male) |
| 8:53 | Create | Villager (Male) |
| 9:22 | Research | Feudal Age |
| 10:06 | Build | Barracks |
| 10:22 | Build | House |
| 10:33 | Build | Palisade Wall |
| 10:55 | Build | Palisade Gate |
| 10:58 | Build | Palisade Wall |
| 11:00 | Build | Palisade Wall |
| 11:32 | Age | Feudal Age |
| 11:33 | Build | Stable |
| 11:34 | Create | Villager (Male) |
| 11:36 | Create | Villager (Male) |
| 11:44 | Create | Villager (Male) |
| 11:54 | Build | House |
| 12:00 | Create | Spearman |
| 12:08 | Create | Villager (Male) |
| 12:10 | Research | Loom |
| 12:15 | Create | Scout Cavalry |
| 12:16 | Create | Scout Cavalry |
| 12:16 | Create | Scout Cavalry |
| 12:16 | Create | Scout Cavalry |
| 12:44 | Build | House |
| 12:46 | Build | Palisade Wall |
| 12:50 | Create | Villager (Male) |
| 13:25 | Build | Mill |
| 13:45 | Create | Villager (Male) |
| 13:48 | Create | Spearman |
| 14:06 | Create | Villager (Male) |
| 14:12 | Create | Scout Cavalry |
| 14:31 | Create | Spearman |
| 14:33 | Create | Villager (Male) |
| 14:38 | Create | Spearman |
| 14:40 | Create | Villager (Male) |
| 14:46 | Research | Horse Collar |
| 14:52 | Create | Spearman |
| 14:52 | Create | Spearman |
| 14:54 | Create | Scout Cavalry |
| 14:59 | Build | House |
| 15:17 | Build | Mill |
| 15:20 | Create | Villager (Male) |
| 15:57 | Create | Villager (Male) |
| 16:03 | Build | House |
| 16:10 | Build | Mill |
| 16:24 | Build | House |
| 16:25 | Build | House |
| 16:43 | Create | Villager (Male) |
| 16:57 | Create | Villager (Male) |
| 17:00 | Build | Blacksmith |
| 17:25 | Create | Villager (Male) |
| 17:46 | Research | Forging |
| 17:54 | Create | Villager (Male) |
| 17:56 | Create | Villager (Male) |
| 18:17 | Build | House |
| 18:18 | Build | House |
| 18:24 | Build | Mining Camp |
| 18:34 | Create | Scout Cavalry |
| 18:34 | Create | Scout Cavalry |
| 18:39 | Create | Villager (Male) |
| 18:55 | Build | Farm |
| 18:56 | Build | Farm |
| 18:56 | Build | Farm |
| 18:57 | Build | Farm |
| 18:58 | Build | Farm |
| 19:19 | Create | Villager (Male) |
| 19:24 | Build | House |
| 19:25 | Build | Palisade Wall |
| 19:35 | Build | Mill |
| 19:46 | Create | Villager (Male) |
| 20:12 | Research | Castle Age |
| 20:44 | Research | Gold Mining |
| 21:14 | Research | Bloodlines |
| 21:21 | Build | Stable |
| 21:31 | Research | Double-Bit Axe |
| 21:55 | Research | Scale Barding Armor |
| 22:31 | Build | House |
| 22:52 | Age | Castle Age |
| 22:55 | Create | Knight ×4 |
| 22:58 | Create | Villager (Male) |
| 23:05 | Build | Town Center |
| 23:10 | Create | Villager (Male) |
| 23:18 | Create | Knight ×2 |
| 23:32 | Create | Villager (Male) |
| 23:49 | Research | Bow Saw |
| 23:50 | Create | Villager (Male) |
| 24:00 | Create | Villager (Male) |
| 24:10 | Create | Villager (Male) |
| 24:30 | Create | Villager (Male) |
| 24:41 | Build | Town Center |
| 24:51 | Create | Knight ×2 |
| 25:17 | Create | Villager (Male) |
| 25:27 | Create | Knight ×2 |
| 25:38 | Create | Villager (Male) |
| 25:42 | Build | Farm |
| 25:43 | Build | Farm |
| 25:44 | Build | Farm |
| 25:45 | Build | Farm |
| 25:46 | Build | Farm |
| 26:07 | Create | Villager (Male) |
| 26:24 | Create | Villager (Male) |
| 26:25 | Create | Villager (Male) |
| 26:29 | Build | Mining Camp |
| 26:40 | Create | Villager (Male) |
| 26:44 | Build | Farm |
| 26:51 | Create | Villager (Male) |
| 27:09 | Create | Villager (Male) |
| 27:13 | Create | Knight |
| 27:13 | Create | Knight |
| 27:16 | Build | House |
| 27:23 | Create | Villager (Male) |
| 27:30 | Build | Monastery |
| 27:37 | Create | Knight |
| 27:43 | Build | Monastery |
| 27:49 | Create | Villager (Male) |
| 28:08 | Create | Knight |
| 28:15 | Create | Monk |
| 28:20 | Create | Villager (Male) |
| 28:23 | Create | Monk |
| 28:24 | Create | Monk |
| 28:24 | Create | Monk |
| 28:33 | Create | Villager (Male) |
| 28:34 | Create | Villager (Male) |
| 28:50 | Build | Town Center |
| 28:52 | Create | Villager (Male) |
| 28:55 | Build | Farm |
| 28:55 | Build | Farm |
Build order — |FMG| twitch/JabsUY
First 150 of 335 actions detected
| 0:06 | Build | Town Center |
| 2:25 | Build | House |
| 2:35 | Create | Villager (Male) |
| 2:36 | Create | Villager (Male) |
| 2:36 | Create | Villager (Male) |
| 2:36 | Create | Villager (Male) |
| 2:36 | Create | Villager (Male) |
| 3:00 | Build | House |
| 3:08 | Build | House |
| 3:44 | Create | Villager (Male) |
| 3:44 | Create | Villager (Male) |
| 4:12 | Create | Villager (Male) |
| 4:20 | Build | House |
| 4:36 | Build | Lumber Camp |
| 4:40 | Create | Villager (Male) |
| 5:11 | Create | Villager (Male) |
| 5:11 | Create | Villager (Male) |
| 5:52 | Create | Villager (Male) |
| 6:16 | Create | Villager (Male) |
| 6:16 | Create | Villager (Male) |
| 6:33 | Create | Villager (Male) |
| 7:01 | Build | House |
| 7:06 | Create | Villager (Male) |
| 7:25 | Build | Mill |
| 7:32 | Create | Villager (Male) |
| 7:46 | Create | Villager (Male) |
| 8:06 | Create | Villager (Male) |
| 8:15 | Research | Loom |
| 9:39 | Research | Feudal Age |
| 10:06 | Create | Villager (Male) |
| 10:18 | Build | House |
| 10:50 | Build | Barracks |
| 10:53 | Create | Villager (Male) |
| 11:49 | Age | Feudal Age |
| 12:07 | Build | Stable |
| 12:13 | Create | Villager (Male) |
| 12:29 | Build | House |
| 12:50 | Create | Scout Cavalry |
| 12:50 | Create | Scout Cavalry |
| 12:56 | Build | House |
| 13:04 | Create | Villager (Male) |
| 13:09 | Build | House |
| 13:21 | Build | House |
| 13:49 | Build | House |
| 13:54 | Create | Villager (Male) |
| 13:54 | Create | Villager (Male) |
| 13:59 | Create | Scout Cavalry |
| 14:04 | Create | Villager (Male) |
| 14:17 | Create | Villager (Male) |
| 14:18 | Create | Villager (Male) |
| 14:22 | Build | Blacksmith |
| 14:24 | Research | Double-Bit Axe |
| 14:37 | Create | Scout Cavalry |
| 14:50 | Build | House |
| 15:05 | Build | House |
| 15:07 | Build | Palisade Wall |
| 15:15 | Build | Watch Tower |
| 15:16 | Create | Villager (Male) |
| 15:48 | Create | Villager (Male) |
| 16:03 | Create | Villager (Male) |
| 16:16 | Create | Scout Cavalry |
| 16:19 | Research | Forging |
| 16:48 | Create | Villager (Male) |
| 16:54 | Create | Villager (Male) |
| 17:12 | Create | Scout Cavalry |
| 17:54 | Create | Scout Cavalry |
| 17:54 | Create | Scout Cavalry |
| 17:56 | Create | Spearman |
| 18:15 | Create | Villager (Male) |
| 18:19 | Build | Pasture |
| 18:21 | Build | Pasture |
| 18:22 | Build | Pasture |
| 18:33 | Create | Scout Cavalry |
| 19:05 | Create | Villager (Male) |
| 19:05 | Create | Villager (Male) |
| 19:43 | Create | Villager (Male) |
| 19:43 | Create | Villager (Male) |
| 20:36 | Build | Watch Tower |
| 20:43 | Create | Villager (Male) |
| 20:50 | Build | Mill |
| 21:37 | Build | Pasture |
| 21:46 | Create | Villager (Male) |
| 21:56 | Create | Villager (Male) |
| 22:06 | Create | Villager (Male) |
| 22:06 | Create | Villager (Male) |
| 22:16 | Create | Spearman |
| 22:31 | Create | Villager (Male) |
| 22:31 | Create | Villager (Male) |
| 22:41 | Build | House |
| 22:48 | Create | Villager (Male) |
| 22:48 | Create | Villager (Male) |
| 23:04 | Create | Villager (Male) |
| 23:14 | Build | Pasture |
| 23:19 | Build | Pasture |
| 23:21 | Create | Villager (Male) |
| 23:22 | Create | Villager (Male) |
| 23:47 | Build | Watch Tower |
| 23:52 | Create | Villager (Male) |
| 23:59 | Build | Pasture |
| 24:20 | Create | Villager (Male) |
| 24:20 | Create | Villager (Male) |
| 24:27 | Build | Pasture |
| 24:29 | Create | Villager (Male) |
| 24:30 | Create | Villager (Male) |
| 24:36 | Create | Villager (Male) |
| 24:40 | Build | Market |
| 24:48 | Build | House |
| 24:59 | Create | Villager (Male) |
| 25:10 | Build | Pasture |
| 25:22 | Create | Villager (Male) |
| 25:36 | Build | Stable |
| 25:52 | Research | Castle Age |
| 26:00 | Build | Stable |
| 26:39 | Create | Villager (Male) |
| 26:40 | Create | Villager (Male) |
| 26:42 | Research | Scale Barding Armor |
| 26:53 | Build | Palisade Wall |
| 26:59 | Create | Villager (Male) |
| 27:04 | Create | Villager (Male) |
| 28:32 | Age | Castle Age |
| 28:37 | Research | Iron Casting |
| 28:38 | Research | Chain Barding Armor |
| 28:40 | Create | Steppe Lancer |
| 28:40 | Create | Steppe Lancer |
| 28:41 | Create | Steppe Lancer |
| 28:41 | Create | Steppe Lancer |
| 28:54 | Build | Palisade Wall |
| 28:57 | Build | Palisade Wall |
| 28:59 | Create | Villager (Male) |
| 29:03 | Create | Steppe Lancer |
| 29:04 | Create | Steppe Lancer |
| 29:04 | Create | Steppe Lancer |
| 29:22 | Create | Villager (Male) |
| 29:25 | Build | House |
| 29:26 | Build | House |
| 29:33 | Create | Steppe Lancer |
| 29:34 | Create | Steppe Lancer |
| 29:34 | Create | Steppe Lancer |
| 29:40 | Research | Town Watch |
| 29:58 | Create | Steppe Lancer |
| 29:58 | Create | Steppe Lancer |
| 29:58 | Create | Steppe Lancer |
| 30:01 | Create | Villager (Male) |
| 30:01 | Create | Villager (Male) |
| 30:15 | Create | Villager (Male) |
| 30:27 | Create | Villager (Male) |
| 30:27 | Create | Villager (Male) |
| 30:34 | Build | Town Center |
| 30:37 | Create | Villager (Male) |
| 30:40 | Build | House |
Build order — _kill3rJ
First 150 of 468 actions detected
| 0:36 | Build | Town Center |
| 2:20 | Create | Villager (Male) |
| 2:20 | Create | Villager (Male) |
| 2:20 | Create | Villager (Male) |
| 2:21 | Create | Villager (Male) |
| 2:21 | Create | Villager (Male) |
| 2:24 | Build | House |
| 3:14 | Build | House |
| 3:28 | Create | Villager (Male) |
| 3:54 | Build | House |
| 4:05 | Create | Villager (Male) |
| 4:15 | Build | House |
| 4:21 | Create | Villager (Male) |
| 4:42 | Create | Villager (Male) |
| 4:42 | Create | Villager (Male) |
| 5:33 | Build | Lumber Camp |
| 5:36 | Create | Villager (Male) |
| 5:36 | Create | Villager (Male) |
| 5:49 | Create | Villager (Male) |
| 5:59 | Build | House |
| 6:06 | Create | Villager (Male) |
| 6:13 | Create | Villager (Male) |
| 6:13 | Create | Villager (Male) |
| 6:35 | Create | Villager (Male) |
| 7:45 | Build | Mill |
| 7:47 | Create | Villager (Male) |
| 8:02 | Build | House |
| 8:15 | Create | Villager (Male) |
| 8:27 | Create | Villager (Male) |
| 8:38 | Create | Villager (Male) |
| 8:47 | Create | Villager (Male) |
| 8:47 | Create | Villager (Male) |
| 10:05 | Create | Villager (Male) |
| 10:21 | Research | Feudal Age |
| 10:26 | Build | Barracks |
| 10:28 | Build | House |
| 11:58 | Age | Feudal Age |
| 12:00 | Build | Archery Range |
| 12:01 | Create | Villager (Male) |
| 12:04 | Research | Double-Bit Axe |
| 12:15 | Create | Villager (Male) |
| 12:31 | Create | Villager (Male) |
| 12:36 | Build | Archery Range |
| 12:43 | Create | Archer |
| 12:48 | Build | House |
| 12:55 | Create | Villager (Male) |
| 13:00 | Create | Archer |
| 13:21 | Create | Archer |
| 13:23 | Build | House |
| 13:24 | Create | Archer |
| 13:25 | Create | Villager (Male) |
| 13:33 | Create | Archer |
| 13:34 | Create | Archer |
| 13:38 | Create | Archer |
| 13:41 | Create | Spearman |
| 13:42 | Create | Villager (Male) |
| 13:48 | Build | House |
| 13:53 | Create | Archer |
| 13:53 | Create | Archer |
| 13:54 | Create | Archer |
| 14:00 | Create | Villager (Male) |
| 14:04 | Build | Blacksmith |
| 14:11 | Create | Archer |
| 14:12 | Create | Villager (Male) |
| 14:16 | Create | Archer |
| 14:20 | Create | Archer |
| 14:24 | Create | Villager (Male) |
| 14:27 | Create | Archer |
| 14:41 | Build | House |
| 14:47 | Create | Archer |
| 14:55 | Research | Fletching |
| 15:04 | Create | Archer |
| 15:05 | Create | Archer |
| 15:25 | Create | Archer |
| 15:30 | Create | Villager (Male) |
| 15:38 | Create | Spearman |
| 15:39 | Create | Spearman |
| 15:39 | Create | Spearman |
| 15:47 | Create | Spearman |
| 15:47 | Create | Spearman |
| 15:52 | Create | Villager (Male) |
| 15:56 | Build | House |
| 15:59 | Build | Palisade Gate |
| 16:01 | Create | Spearman |
| 16:09 | Create | Archer |
| 16:11 | Create | Spearman |
| 16:12 | Create | Archer |
| 16:18 | Research | Loom |
| 16:34 | Create | Archer |
| 16:54 | Create | Spearman |
| 16:55 | Create | Archer |
| 16:55 | Create | Archer |
| 17:08 | Create | Villager (Male) |
| 17:11 | Build | House |
| 17:12 | Build | House |
| 17:18 | Create | Villager (Male) |
| 17:23 | Create | Archer |
| 17:46 | Create | Archer |
| 17:47 | Create | Archer |
| 17:47 | Create | Archer |
| 17:54 | Research | Padded Archer Armor |
| 17:58 | Build | House |
| 18:08 | Create | Archer |
| 18:08 | Create | Archer |
| 18:12 | Create | Villager (Male) |
| 18:16 | Build | Farm |
| 18:17 | Build | Farm |
| 18:20 | Build | Farm |
| 18:21 | Build | Farm |
| 18:24 | Create | Villager (Male) |
| 18:26 | Build | Farm |
| 18:27 | Build | Farm |
| 18:39 | Build | Palisade Wall |
| 18:41 | Build | Palisade Gate |
| 18:43 | Build | Palisade Wall |
| 18:52 | Create | Archer |
| 19:00 | Create | Villager (Male) |
| 19:08 | Build | Farm |
| 19:09 | Create | Villager (Male) |
| 19:37 | Create | Villager (Male) |
| 20:06 | Create | Villager (Male) |
| 20:06 | Create | Villager (Male) |
| 20:15 | Create | Villager (Male) |
| 20:40 | Build | Farm |
| 20:41 | Build | Farm |
| 20:44 | Create | Skirmisher |
| 20:45 | Create | Skirmisher |
| 20:45 | Create | Skirmisher |
| 20:56 | Build | Market |
| 21:00 | Build | Lumber Camp |
| 21:15 | Build | Mining Camp |
| 21:42 | Create | Villager (Male) |
| 21:45 | Build | Farm |
| 22:13 | Research | Castle Age |
| 22:13 | Research | Castle Age |
| 22:19 | Create | Skirmisher |
| 22:27 | Create | Skirmisher |
| 22:56 | Create | Skirmisher |
| 22:56 | Create | Skirmisher |
| 23:00 | Create | Skirmisher |
| 23:31 | Create | Skirmisher |
| 23:49 | Age | Castle Age |
| 23:53 | Research | Elite Skirmisher (upgrade) |
| 24:04 | Build | Town Center |
| 24:19 | Build | Town Center |
| 24:28 | Create | Skirmisher |
| 24:35 | Create | Skirmisher |
| 24:35 | Create | Skirmisher |
| 24:42 | Create | Skirmisher |
| 25:17 | Research | Bodkin Arrow |
Build order — |FMG| TINCHO
First 150 of 428 actions detected
| 0:12 | Build | Town Center |
| 2:27 | Create | Villager (Male) |
| 2:27 | Create | Villager (Male) |
| 2:28 | Create | Villager (Male) |
| 2:29 | Build | House |
| 2:32 | Create | Villager (Male) |
| 2:32 | Create | Villager (Male) |
| 3:33 | Create | Villager (Male) |
| 3:33 | Create | Villager (Male) |
| 3:43 | Build | House |
| 3:54 | Build | Palisade Wall |
| 4:01 | Create | Villager (Male) |
| 4:02 | Create | Villager (Male) |
| 4:36 | Build | House |
| 4:38 | Create | Villager (Male) |
| 4:38 | Create | Villager (Male) |
| 5:19 | Create | Villager (Male) |
| 5:20 | Create | Villager (Male) |
| 5:21 | Build | Lumber Camp |
| 5:21 | Create | Villager (Male) |
| 5:47 | Create | Villager (Male) |
| 6:17 | Build | House |
| 6:27 | Create | Villager (Male) |
| 6:28 | Create | Villager (Male) |
| 6:28 | Create | Villager (Male) |
| 7:02 | Build | House |
| 7:08 | Create | Villager (Male) |
| 7:34 | Create | Villager (Male) |
| 7:34 | Create | Villager (Male) |
| 7:44 | Build | Mill |
| 8:09 | Create | Villager (Male) |
| 8:11 | Create | Villager (Male) |
| 8:22 | Create | Villager (Male) |
| 8:28 | Create | Villager (Male) |
| 8:29 | Create | Villager (Male) |
| 8:40 | Create | Villager (Male) |
| 8:40 | Create | Villager (Male) |
| 9:45 | Build | Palisade Wall |
| 9:52 | Build | Palisade Wall |
| 9:59 | Create | Villager (Male) |
| 10:06 | Build | Palisade Wall |
| 10:43 | Create | Villager (Male) |
| 10:56 | Build | Mining Camp |
| 11:01 | Research | Feudal Age |
| 11:02 | Research | Feudal Age |
| 11:55 | Create | Villager (Male) |
| 11:55 | Research | Loom |
| 12:43 | Build | Barracks |
| 13:22 | Age | Feudal Age |
| 13:27 | Build | Blacksmith |
| 13:31 | Research | Double-Bit Axe |
| 13:31 | Research | Double-Bit Axe |
| 13:40 | Build | Archery Range |
| 13:59 | Research | Gold Mining |
| 14:22 | Research | Castle Age |
| 14:22 | Research | Castle Age |
| 14:30 | Build | Archery Range |
| 14:35 | Build | House |
| 15:39 | Build | Palisade Wall |
| 15:48 | Build | Palisade Wall |
| 16:27 | Create | Villager (Male) |
| 16:55 | Research | Fletching |
| 17:02 | Age | Castle Age |
| 17:03 | Create | Cavalry Archer |
| 17:04 | Create | Cavalry Archer |
| 17:05 | Research | Bow Saw |
| 17:07 | Create | Villager (Male) |
| 17:14 | Build | House |
| 17:24 | Create | Villager (Male) |
| 17:26 | Create | Cavalry Archer |
| 17:34 | Build | Town Center |
| 17:35 | Create | Cavalry Archer |
| 17:43 | Create | Villager (Male) |
| 17:46 | Build | House |
| 17:49 | Create | Cavalry Archer |
| 18:17 | Create | Villager (Male) |
| 18:19 | Create | Cavalry Archer |
| 18:45 | Create | Cavalry Archer |
| 19:01 | Build | House |
| 19:09 | Create | Villager (Male) |
| 19:14 | Create | Villager (Male) |
| 19:16 | Build | Monastery |
| 19:20 | Create | Cavalry Archer |
| 19:20 | Create | Cavalry Archer |
| 19:54 | Create | Monk |
| 20:03 | Create | Villager (Male) |
| 20:04 | Create | Villager (Male) |
| 20:09 | Build | Market |
| 20:11 | Create | Villager (Male) |
| 20:11 | Create | Villager (Male) |
| 20:21 | Create | Cavalry Archer |
| 20:22 | Create | Cavalry Archer |
| 20:40 | Research | Bodkin Arrow |
| 20:41 | Research | Bodkin Arrow |
| 20:46 | Build | Stable |
| 20:58 | Create | Cavalry Archer |
| 20:58 | Create | Cavalry Archer |
| 20:59 | Create | Villager (Male) |
| 21:02 | Create | Villager (Male) |
| 21:13 | Create | Villager (Male) |
| 21:24 | Create | Villager (Male) |
| 21:32 | Create | Villager (Male) |
| 21:50 | Create | Villager (Male) |
| 22:19 | Create | Cavalry Archer |
| 22:20 | Create | Cavalry Archer |
| 22:20 | Create | Villager (Male) |
| 22:29 | Create | Cavalry Archer |
| 22:29 | Create | Cavalry Archer |
| 22:30 | Create | Villager (Male) |
| 22:38 | Create | Villager (Male) |
| 22:46 | Create | Villager (Male) |
| 23:01 | Research | Husbandry |
| 23:07 | Create | Villager (Male) |
| 23:13 | Create | Monk |
| 23:17 | Build | House |
| 23:27 | Create | Villager (Male) |
| 23:40 | Build | Palisade Wall |
| 23:45 | Build | Palisade Wall |
| 23:54 | Create | Villager (Male) |
| 24:14 | Create | Cavalry Archer |
| 24:16 | Create | Villager (Male) |
| 24:18 | Build | House |
| 24:25 | Build | Siege Workshop |
| 24:30 | Create | Villager (Male) |
| 24:39 | Research | Town Watch |
| 24:42 | Build | House |
| 24:43 | Build | House |
| 24:51 | Create | Mangonel |
| 24:53 | Create | Villager (Male) |
| 25:06 | Create | Villager (Male) |
| 25:27 | Build | Town Center |
| 25:31 | Create | Villager (Male) |
| 26:15 | Create | Cavalry Archer |
| 26:15 | Create | Cavalry Archer |
| 26:16 | Create | Villager (Male) |
| 26:18 | Create | Villager (Male) |
| 26:20 | Build | Farm |
| 26:20 | Build | Farm |
| 26:21 | Build | Farm |
| 26:21 | Create | Villager (Male) |
| 26:23 | Create | Villager (Male) |
| 26:23 | Create | Villager (Male) |
| 26:31 | Create | Cavalry Archer |
| 26:32 | Create | Cavalry Archer |
| 26:33 | Create | Villager (Male) |
| 26:49 | Create | Cavalry Archer |
| 26:49 | Create | Cavalry Archer |
| 26:53 | Create | Villager (Male) |
| 26:54 | Create | Villager (Male) |
| 26:55 | Create | Villager (Male) |
Build order — Aqua Sama
First 150 of 580 actions detected
| 0:28 | Build | Town Center |
| 2:35 | Create | Villager (Male) ×4 |
| 2:35 | Create | Villager (Male) ×4 |
| 2:53 | Build | House |
| 3:34 | Create | Villager (Male) |
| 3:35 | Create | Villager (Male) |
| 3:35 | Create | Villager (Male) |
| 4:12 | Create | Villager (Male) |
| 4:12 | Create | Villager (Male) |
| 4:12 | Create | Villager (Male) |
| 4:36 | Build | Lumber Camp |
| 4:40 | Create | Villager (Male) |
| 4:40 | Create | Villager (Male) |
| 4:40 | Create | Villager (Male) |
| 4:56 | Build | House |
| 5:09 | Create | Villager (Male) |
| 5:09 | Create | Villager (Male) |
| 5:09 | Create | Villager (Male) |
| 5:26 | Create | Villager (Male) |
| 5:26 | Create | Villager (Male) |
| 5:26 | Create | Villager (Male) |
| 5:56 | Create | Villager (Male) |
| 5:56 | Create | Villager (Male) |
| 6:14 | Build | House |
| 6:27 | Create | Villager (Male) |
| 6:27 | Create | Villager (Male) |
| 6:50 | Build | Mill |
| 7:04 | Create | Villager (Male) |
| 7:04 | Create | Villager (Male) |
| 7:05 | Create | Villager (Male) |
| 7:26 | Create | Villager (Male) |
| 7:27 | Create | Villager (Male) |
| 7:27 | Create | Villager (Male) |
| 7:45 | Create | Villager (Male) |
| 7:47 | Create | Villager (Male) |
| 7:47 | Create | Villager (Male) |
| 8:10 | Build | House |
| 8:12 | Create | Villager (Male) |
| 8:13 | Create | Villager (Male) |
| 8:23 | Build | House |
| 9:05 | Create | Villager (Male) |
| 9:48 | Create | Villager (Male) |
| 9:49 | Create | Villager (Male) |
| 9:52 | Build | House |
| 10:24 | Build | House |
| 10:42 | Build | Mining Camp |
| 10:51 | Research | Feudal Age |
| 10:52 | Research | Feudal Age |
| 10:53 | Research | Loom |
| 12:07 | Build | Barracks |
| 12:27 | Build | Palisade Wall |
| 12:30 | Build | Palisade Wall |
| 12:35 | Create | Villager (Male) |
| 12:58 | Build | Palisade Wall |
| 12:59 | Build | Palisade Wall |
| 13:05 | Age | Feudal Age |
| 13:17 | Build | Stable |
| 13:41 | Build | Blacksmith |
| 13:43 | Create | Villager (Male) |
| 14:13 | Research | Castle Age |
| 14:14 | Research | Castle Age |
| 14:14 | Research | Castle Age |
| 14:27 | Research | Double-Bit Axe |
| 14:28 | Research | Double-Bit Axe |
| 15:21 | Research | Scale Barding Armor |
| 16:36 | Create | Villager (Male) |
| 16:55 | Build | House |
| 17:00 | Age | Castle Age |
| 17:02 | Create | Knight |
| 17:02 | Create | Knight |
| 17:05 | Build | Town Center |
| 17:09 | Research | Bow Saw |
| 17:09 | Research | Bow Saw |
| 17:10 | Create | Villager (Male) |
| 17:37 | Build | House |
| 17:38 | Build | House |
| 17:38 | Create | Villager (Male) |
| 17:51 | Build | Farm |
| 17:52 | Build | Farm |
| 17:53 | Create | Villager (Male) |
| 17:57 | Build | Farm |
| 17:58 | Build | Farm |
| 18:04 | Build | Farm |
| 18:12 | Research | Horse Collar |
| 18:13 | Research | Horse Collar |
| 18:15 | Create | Knight |
| 18:15 | Create | Knight |
| 18:24 | Build | Farm |
| 18:27 | Build | Farm |
| 18:45 | Create | Villager (Male) |
| 18:45 | Create | Villager (Male) |
| 18:45 | Create | Villager (Male) |
| 19:02 | Create | Villager (Male) |
| 19:02 | Create | Villager (Male) |
| 19:08 | Build | Farm |
| 19:28 | Create | Villager (Male) |
| 19:30 | Create | Villager (Male) |
| 19:30 | Create | Villager (Male) |
| 19:40 | Create | Knight |
| 19:40 | Create | Knight |
| 19:40 | Create | Knight |
| 19:45 | Create | Villager (Male) |
| 19:45 | Create | Villager (Male) |
| 19:46 | Create | Villager (Male) |
| 19:49 | Build | Siege Workshop |
| 19:56 | Create | Villager (Male) |
| 19:56 | Create | Villager (Male) |
| 19:56 | Create | Villager (Male) |
| 20:04 | Create | Knight |
| 20:05 | Create | Knight |
| 20:10 | Create | Villager (Male) |
| 20:10 | Create | Villager (Male) |
| 20:21 | Create | Villager (Male) |
| 20:26 | Create | Scorpion |
| 20:31 | Create | Villager (Male) |
| 20:37 | Create | Scorpion |
| 20:39 | Create | Villager (Male) |
| 20:39 | Create | Villager (Male) |
| 21:07 | Create | Knight |
| 21:07 | Create | Villager (Male) |
| 21:08 | Create | Villager (Male) |
| 21:14 | Create | Villager (Male) |
| 21:15 | Create | Villager (Male) |
| 21:24 | Create | Villager (Male) |
| 21:42 | Create | Villager (Male) |
| 22:01 | Create | Villager (Male) |
| 22:13 | Research | Wheelbarrow |
| 22:19 | Create | Knight |
| 22:26 | Build | Town Center |
| 22:33 | Create | Knight |
| 22:37 | Research | Forging |
| 22:37 | Research | Forging |
| 22:38 | Create | Villager (Male) |
| 22:44 | Build | Farm |
| 22:59 | Build | Mill |
| 23:05 | Create | Knight |
| 23:06 | Create | Knight |
| 23:10 | Build | House |
| 23:11 | Build | House |
| 23:12 | Create | Villager (Male) |
| 23:12 | Create | Villager (Male) |
| 23:22 | Create | Villager (Male) |
| 23:22 | Create | Villager (Male) |
| 23:24 | Create | Scorpion |
| 23:24 | Create | Scorpion |
| 23:25 | Create | Scorpion |
| 23:47 | Create | Villager (Male) |
| 23:47 | Create | Villager (Male) |
| 23:48 | Create | Villager (Male) |
| 23:58 | Create | Villager (Male) |
Build order — -FMG- Rodri
First 150 of 404 actions detected
| 0:29 | Build | Town Center |
| 2:47 | Create | Villager (Male) |
| 2:47 | Create | Villager (Male) |
| 2:48 | Create | Villager (Male) |
| 2:48 | Create | Villager (Male) |
| 2:48 | Create | Villager (Male) |
| 2:53 | Build | House |
| 4:01 | Create | Villager (Male) |
| 4:02 | Create | Villager (Male) |
| 4:16 | Build | House |
| 4:50 | Create | Villager (Male) |
| 4:50 | Create | Villager (Male) |
| 5:11 | Create | Villager (Male) |
| 5:11 | Create | Villager (Male) |
| 5:12 | Create | Villager (Male) |
| 5:18 | Build | Lumber Camp |
| 5:38 | Create | Villager (Male) |
| 5:38 | Create | Villager (Male) |
| 6:16 | Create | Villager (Male) |
| 6:16 | Create | Villager (Male) |
| 6:17 | Create | Villager (Male) |
| 6:37 | Build | House |
| 6:51 | Build | House |
| 6:54 | Build | House |
| 7:06 | Create | Villager (Male) |
| 7:06 | Create | Villager (Male) |
| 7:06 | Create | Villager (Male) |
| 7:12 | Build | House |
| 7:31 | Build | House |
| 7:53 | Create | Villager (Male) |
| 7:53 | Create | Villager (Male) |
| 7:54 | Create | Villager (Male) |
| 8:11 | Build | House |
| 8:13 | Build | Palisade Wall |
| 8:16 | Build | Palisade Gate |
| 8:21 | Build | Palisade Wall |
| 8:22 | Build | Palisade Wall |
| 8:57 | Create | Villager (Male) |
| 8:57 | Create | Villager (Male) |
| 9:35 | Create | Villager (Male) |
| 10:01 | Build | Mill |
| 10:05 | Create | Villager (Male) |
| 10:08 | Build | Mining Camp |
| 10:28 | Create | Villager (Male) |
| 11:05 | Research | Feudal Age |
| 11:23 | Research | Loom |
| 11:23 | Create | Villager (Male) |
| 13:17 | Age | Feudal Age |
| 13:22 | Build | Market |
| 13:26 | Build | Blacksmith |
| 13:46 | Build | Palisade Wall |
| 14:19 | Research | Double-Bit Axe |
| 14:20 | Research | Castle Age |
| 14:30 | Build | Palisade Wall |
| 14:31 | Build | Palisade Wall |
| 15:24 | Create | Villager (Male) |
| 15:24 | Create | Villager (Male) |
| 15:32 | Build | House |
| 16:13 | Research | Gold Mining |
| 17:00 | Age | Castle Age |
| 17:12 | Build | Castle |
| 17:39 | Create | Villager (Male) |
| 17:40 | Create | Villager (Male) |
| 18:11 | Build | Palisade Wall |
| 18:12 | Create | War Wagon |
| 18:12 | Create | War Wagon |
| 18:36 | Create | Villager (Male) |
| 18:37 | Create | War Wagon |
| 19:09 | Create | War Wagon |
| 19:10 | Create | War Wagon |
| 19:11 | Create | Villager (Male) |
| 19:11 | Create | Villager (Male) |
| 19:12 | Create | Villager (Male) |
| 19:12 | Create | Villager (Male) |
| 19:30 | Create | War Wagon |
| 19:31 | Create | War Wagon |
| 19:31 | Create | War Wagon |
| 19:45 | Create | Villager (Male) |
| 19:46 | Create | Villager (Male) |
| 20:03 | Research | Fletching |
| 20:34 | Create | Villager (Male) |
| 20:39 | Create | War Wagon |
| 20:39 | Create | War Wagon |
| 20:40 | Create | War Wagon |
| 20:59 | Create | Villager (Male) |
| 21:28 | Create | War Wagon |
| 21:32 | Create | Villager (Male) |
| 21:49 | Create | Villager (Male) |
| 21:50 | Create | Villager (Male) |
| 21:51 | Create | War Wagon |
| 21:51 | Create | War Wagon |
| 22:05 | Create | Villager (Male) |
| 22:21 | Research | Bodkin Arrow |
| 22:22 | Create | Villager (Male) |
| 22:35 | Create | War Wagon |
| 22:35 | Create | War Wagon |
| 22:35 | Create | War Wagon |
| 23:18 | Create | War Wagon |
| 23:18 | Create | War Wagon |
| 23:39 | Create | War Wagon |
| 23:39 | Create | War Wagon |
| 23:40 | Create | Villager (Male) |
| 23:40 | Create | Villager (Male) |
| 23:41 | Create | Villager (Male) |
| 23:41 | Create | Villager (Male) |
| 23:41 | Create | Villager (Male) |
| 24:32 | Create | War Wagon |
| 24:32 | Create | War Wagon |
| 25:00 | Create | Villager (Male) |
| 25:01 | Create | War Wagon |
| 25:01 | Create | War Wagon |
| 25:08 | Create | Villager (Male) |
| 25:08 | Create | Villager (Male) |
| 25:51 | Build | House |
| 25:51 | Build | House |
| 25:52 | Build | House |
| 25:52 | Build | House |
| 25:52 | Build | House |
| 25:52 | Build | House |
| 25:53 | Build | House |
| 25:53 | Build | House |
| 26:20 | Create | Villager (Male) |
| 26:20 | Create | Villager (Male) |
| 26:21 | Create | War Wagon |
| 26:21 | Create | War Wagon |
| 27:26 | Create | War Wagon |
| 27:49 | Create | War Wagon |
| 27:50 | Create | War Wagon |
| 27:50 | Create | War Wagon |
| 27:50 | Create | War Wagon |
| 27:50 | Create | War Wagon |
| 27:51 | Create | War Wagon |
| 28:02 | Build | Town Center |
| 28:08 | Build | Farm |
| 28:09 | Build | Farm |
| 28:09 | Build | Farm |
| 28:09 | Build | Farm |
| 28:09 | Build | Farm |
| 28:10 | Build | Farm |
| 28:11 | Build | Farm |
| 28:12 | Build | Farm |
| 28:12 | Build | Farm |
| 28:12 | Build | Farm |
| 28:16 | Create | Villager (Male) |
| 28:16 | Create | Villager (Male) |
| 28:46 | Build | Farm |
| 28:46 | Build | Farm |
| 28:50 | Create | Villager (Male) |
| 28:50 | Create | Villager (Male) |
| 28:52 | Create | Villager (Male) |
Match timeline
| 3:54 | |FMG| TINCHO · wall_segment Palisade Wall x1 |
| 6:50 | E@GLE · first_building Dock |
| 8:13 | -FMG- Rodri · wall_segment Palisade Wall x1 |
| 8:21 | -FMG- Rodri · wall_segment Palisade Wall x4 |
| 8:22 | -FMG- Rodri · wall_segment Palisade Wall x1 |
| 9:45 | |FMG| TINCHO · wall_segment Palisade Wall x1 |
| 9:52 | |FMG| TINCHO · wall_segment Palisade Wall x1 |
| 10:06 | |FMG| TINCHO · wall_segment Palisade Wall x1 |
| 10:06 | BSL | n0_chanc3 · first_building Barracks |
| 10:26 | _kill3rJ · first_building Barracks |
| 10:33 | BSL | n0_chanc3 · wall_segment Palisade Wall x3 |
| 10:43 | |FMG| Nadie · first_building Barracks |
| 10:49 | E@GLE · wall_segment Palisade Wall x11 |
| 10:50 | |FMG| twitch/JabsUY · first_building Barracks |
| 10:58 | BSL | n0_chanc3 · wall_segment Palisade Wall x5 |
| 11:00 | BSL | n0_chanc3 · wall_segment Palisade Wall x3 |
| 11:32 | BSL | n0_chanc3 · age_up feudal |
| 11:33 | BSL | n0_chanc3 · first_building Stable |
| 11:39 | E@GLE · first_building Barracks |
| 11:49 | |FMG| twitch/JabsUY · age_up feudal |
| 11:56 | |FMG| Nadie · age_up feudal |
| 11:58 | _kill3rJ · age_up feudal |
| 12:00 | _kill3rJ · first_building Archery Range |
| 12:04 | E@GLE · wall_segment Palisade Wall x10 |
| 12:07 | E@GLE · wall_segment Palisade Wall x2 |
| 12:07 | Aqua Sama · first_building Barracks |
| 12:07 | |FMG| twitch/JabsUY · first_building Stable |
| 12:08 | E@GLE · wall_segment Palisade Wall x1 |
| 12:09 | |FMG| Nadie · first_building Stable |
| 12:18 | E@GLE · wall_segment Palisade Wall x4 |
| 12:27 | Aqua Sama · wall_segment Palisade Wall x5 |
| 12:29 | E@GLE · age_up feudal |
| 12:30 | Aqua Sama · wall_segment Palisade Wall x6 |
| 12:41 | E@GLE · first_building Archery Range |
| 12:43 | |FMG| TINCHO · first_building Barracks |
| 12:46 | BSL | n0_chanc3 · wall_segment Palisade Wall x5 |
| 12:58 | Aqua Sama · wall_segment Palisade Wall x1 |
| 12:59 | Aqua Sama · wall_segment Palisade Wall x1 |
| 13:05 | Aqua Sama · age_up feudal |
| 13:17 | Aqua Sama · first_building Stable |
| 13:17 | -FMG- Rodri · age_up feudal |
| 13:22 | |FMG| TINCHO · age_up feudal |
| 13:40 | |FMG| TINCHO · first_building Archery Range |
| 13:46 | -FMG- Rodri · wall_segment Palisade Wall x5 |
| 14:24 | E@GLE · wall_segment Palisade Wall x1 |
| 14:30 | -FMG- Rodri · wall_segment Palisade Wall x1 |
| 14:31 | -FMG- Rodri · wall_segment Palisade Wall x1 |
| 14:42 | E@GLE · wall_segment Palisade Wall x1 |
| 14:46 | |FMG| Nadie · wall_segment Palisade Wall x1 |
| 14:48 | |FMG| Nadie · wall_segment Palisade Wall x1 |
| 14:48 | |FMG| Nadie · wall_segment Palisade Wall x1 |
| 14:49 | |FMG| Nadie · wall_segment Palisade Wall x1 |
| 14:50 | |FMG| Nadie · wall_segment Palisade Wall x1 |
| 15:07 | |FMG| twitch/JabsUY · wall_segment Palisade Wall x1 |
| 15:39 | |FMG| TINCHO · wall_segment Palisade Wall x1 |
| 15:48 | |FMG| TINCHO · wall_segment Palisade Wall x1 |
| 16:04 | E@GLE · wall_segment Palisade Wall x4 |
| 16:35 | E@GLE · wall_segment Palisade Wall x8 |
| 17:00 | -FMG- Rodri · age_up castle |
| 17:00 | Aqua Sama · age_up castle |
| 17:02 | |FMG| TINCHO · age_up castle |
| 17:12 | -FMG- Rodri · first_building Castle |
| 17:56 | E@GLE · wall_segment Palisade Wall x5 |
| 17:58 | E@GLE · wall_segment Palisade Wall x6 |
| 18:11 | -FMG- Rodri · wall_segment Palisade Wall x1 |
| 18:39 | _kill3rJ · wall_segment Palisade Wall x4 |
| 18:43 | _kill3rJ · wall_segment Palisade Wall x11 |
| 19:16 | |FMG| TINCHO · first_building Monastery |
| 19:25 | BSL | n0_chanc3 · wall_segment Palisade Wall x1 |
| 19:42 | -FMG- Rodri · first_market_buy 100 food |
| 19:49 | Aqua Sama · first_building Siege Workshop |
| 20:46 | |FMG| TINCHO · first_building Stable |
| 21:02 | E@GLE · first_market_buy 100 food |
| 21:13 | E@GLE · first_market_sell 100 wood |
| 22:06 | _kill3rJ · first_market_buy 100 food |
| 22:52 | BSL | n0_chanc3 · age_up castle |
| 22:59 | |FMG| TINCHO · first_market_buy 100 food |
| 23:05 | |FMG| Nadie · wall_segment Palisade Wall x7 |
| 23:06 | |FMG| Nadie · wall_segment Palisade Wall x1 |
| 23:07 | |FMG| Nadie · wall_segment Palisade Wall x1 |
| 23:40 | |FMG| TINCHO · wall_segment Palisade Wall x1 |
| 23:45 | |FMG| TINCHO · wall_segment Palisade Wall x1 |
| 23:49 | _kill3rJ · age_up castle |
| 24:25 | |FMG| TINCHO · first_building Siege Workshop |
| 24:34 | E@GLE · wall_segment Palisade Wall x1 |
| 24:37 | E@GLE · age_up castle |
| 24:47 | _kill3rJ · first_market_sell 100 wood |
| 25:42 | _kill3rJ · first_building Monastery |
| 26:14 | Aqua Sama · first_building Monastery |
| 26:43 | Aqua Sama · first_market_buy 100 food |
| 26:53 | |FMG| twitch/JabsUY · wall_segment Palisade Wall x1 |
| 26:58 | E@GLE · first_building Stable |
| 27:30 | BSL | n0_chanc3 · first_building Monastery |
| 28:12 | Aqua Sama · first_market_sell 100 wood |
| 28:32 | |FMG| twitch/JabsUY · age_up castle |
| 28:54 | |FMG| twitch/JabsUY · wall_segment Palisade Wall x1 |
| 28:57 | |FMG| twitch/JabsUY · wall_segment Palisade Wall x12 |
| 29:02 | |FMG| twitch/JabsUY · first_market_buy 100 food |
| 29:26 | |FMG| Nadie · first_market_sell 100 wood |
| 29:27 | |FMG| Nadie · first_market_buy 100 food |
| 31:17 | |FMG| twitch/JabsUY · wall_segment Palisade Wall x1 |
| 31:46 | E@GLE · wall_segment Palisade Wall x1 |
| 32:03 | |FMG| TINCHO · first_market_sell 100 wood |
| 32:25 | |FMG| Nadie · age_up castle |
| 32:50 | BSL | n0_chanc3 · wall_segment Stone Wall x1 |
| 32:57 | BSL | n0_chanc3 · wall_segment Stone Wall x1 |
| 32:59 | BSL | n0_chanc3 · wall_segment Stone Wall x1 |
| 33:03 | _kill3rJ · first_building Castle |
| 33:06 | BSL | n0_chanc3 · wall_segment Stone Wall x4 |
| 33:11 | |FMG| TINCHO · wall_segment Palisade Wall x1 |
| 33:14 | |FMG| Nadie · wall_segment Palisade Wall x1 |
| 33:30 | |FMG| Nadie · wall_segment Stone Wall x1 |
| 33:33 | E@GLE · first_building Castle |
| 33:33 | |FMG| Nadie · wall_segment Palisade Wall x1 |
| 33:35 | |FMG| Nadie · wall_segment Palisade Wall x1 |
| 33:37 | |FMG| Nadie · wall_segment Palisade Wall x1 |
| 33:37 | -FMG- Rodri · first_building Monastery |
| 33:38 | |FMG| Nadie · wall_segment Palisade Wall x1 |
| 34:21 | BSL | n0_chanc3 · first_market_buy 100 food |
| 34:39 | |FMG| Nadie · first_building Monastery |
| 36:33 | |FMG| twitch/JabsUY · first_building Castle |
| 37:53 | BSL | n0_chanc3 · first_building Castle |
| 39:12 | |FMG| Nadie · wall_segment Stone Wall x2 |
| 39:14 | |FMG| Nadie · wall_segment Stone Wall x1 |
| 40:24 | |FMG| Nadie · wall_segment Stone Wall x2 |
| 40:51 | E@GLE · age_up imperial |
| 41:26 | Aqua Sama · first_building Castle |
| 41:32 | _kill3rJ · first_building Siege Workshop |
| 42:02 | _kill3rJ · age_up imperial |
| 42:47 | BSL | n0_chanc3 · age_up imperial |
| 43:13 | -FMG- Rodri · first_market_sell 100 food |
| 43:35 | |FMG| Nadie · first_building Castle |
| 43:55 | BSL | n0_chanc3 · first_building Donjon |
| 44:18 | Aqua Sama · age_up imperial |
| 44:31 | BSL | n0_chanc3 · first_market_sell 100 food |
| 44:41 | |FMG| twitch/JabsUY · first_market_sell 100 wood |
| 45:38 | E@GLE · first_building Monastery |
| 46:28 | |FMG| TINCHO · resign |
[ AI ANALYSIS · 1 CREDIT ]
What really happened in this match?
Wolo.gg analyzes every decision: build order, eco, micro, common mistakes by bracket. Personalized analysis on WhatsApp or Discord in 30 seconds.
Civ guide
Franks
Perfil
Jugador #673060